 Dungeon Crawl Stone Soup version 0.26-a0-690-gcb57259078 (webtiles) character file.

Game seed: 14475406851255276392

7 Gargoyl the Skirmisher (level 2, 1/29 HPs)
             Began as a Gnoll Abyssal Knight on Oct 24, 2020.
             Was an Initiate of Lugonu.
             Quit the game on level 1 of the Dungeon.
             The game lasted 00:00:45 (177 turns).

Gargoyl the Skirmisher (Gnoll Abyssal Knight)        Turns: 177, Time: 00:00:46

Health: 1/29       AC:  5    Str: 14      XL:     2   Next: 4%
Magic:  4/5        EV:  7    Int: 14      God:    Lugonu [......]
Gold:   19         SH:  0    Dex: 13 (17) Spells: 1/1 levels left

rFire    . . .     SeeInvis +   d - +8 trident "Xulimem" {vorpal, +Fly rN++ MR- Dex+3 SInv}
rCold    . . .     Faith    .   (no shield)
rNeg     + + .     Spirit   .   c - +0 chain mail
rPois    .         Reflect  .   (no helmet)
rElec    .         Harm     .   (no cloak)
rCorr    .         Rampage  .   (no gloves)
MR       .....                  (no boots)
Stlth    ..........             (no amulet)
HPRegen  0.09/turn              (no ring)
MPRegen  0.09/turn              (no ring)

@: no status effects
A: distributed training, fangs 1, deformed body, subdued magic 2, strong nose
a: Renounce Religion, Evoke Flight


You were on level 1 of the Dungeon.
You worshipped Lugonu.
Lugonu was noncommittal.
You visited 1 branch of the dungeon, and saw 1 of its levels.
You visited the Abyss 1 time.

You collected 19 gold pieces.

Inventory:

Hand Weapons
 a - a +1 hand axe
 d - the +8 trident "Xulimem" (weapon) {vorpal, +Fly rN++ MR- Dex+3 SInv}
   (You found it on level 2 of the Abyss)

   It inflicts extra damage upon your enemies.
   It affects your dexterity (+3).
   It greatly protects you from negative energy.
   It affects your resistance to hostile enchantments.
   It lets you see invisible.
   It lets you fly.
Armour
 b - a +0 leather armour
 c - a +0 chain mail (worn)


   Skills:
 + Level 6.4 Fighting
 + Level 0.2 Short Blades
 + Level 0.2 Long Blades
 + Level 4.4 Axes
 + Level 0.2 Maces & Flails
 + Level 0.2 Polearms
 + Level 0.2 Staves
 + Level 0.2 Slings
 + Level 0.2 Bows
 + Level 0.2 Crossbows
 + Level 0.2 Throwing
 + Level 4.4 Armour
 + Level 2.4 Dodging
 + Level 0.2 Stealth
 + Level 0.2 Shields
 + Level 0.2 Unarmed Combat
 + Level 0.2 Spellcasting
 + Level 0.1 Conjurations
 + Level 0.1 Hexes
 + Level 0.1 Summonings
 + Level 0.1 Necromancy
 + Level 0.1 Translocations
 + Level 0.1 Transmutations
 + Level 0.1 Fire Magic
 + Level 0.1 Ice Magic
 + Level 0.1 Air Magic
 + Level 0.1 Earth Magic
 + Level 0.1 Poison Magic
 + Level 4.4 Invocations
 + Level 0.2 Evocations


You had one spell level left.
You didn't know any spells.
Your spell library was empty.

Dungeon Overview and Level Annotations

Branches:
Dungeon (1/15)

Altars:


Innate Abilities, Weirdness & Mutations

Your experience applies equally to all skills.
You have very sharp teeth.
Your uncanny sense of smell can sniff out nearby items.
Armour fits poorly on your strangely shaped body.
Your spells are easier to cast, but less powerful.


Message History

* * * LOW HITPOINT WARNING * * *
You feel clumsy.
The quasit claws you but does no damage. x2
Found a quarterstaff.
A blink frog comes into view.
You see here a twisted trident.
d - a twisted trident The quasit bites you.
* * * LOW HITPOINT WARNING * * *
The quasit claws you.
* * * LOW HITPOINT WARNING * * *
The quasit claws you but does no damage.
The smoke demon is engulfed in blazing flames.
The blink frog barely misses you.
You pass through the gate.
You can no longer depart the Abyss at will.
There is a staircase leading out of the dungeon here.
You feel agile.
d - the +8 trident "Xulimem" (weapon)
{vorpal, +Fly rN++ MR- Dex+3 SInv} Are you sure you want to abandon this character and quit the game? (Confirm with "yes".)

∆ ∆
### ∆
#@# ∆
#..#
##..#
..#
.#.
.##.∆
.# .#
.. #


There were no monsters in sight!

Vanquished Creatures
  A white imp (Abyss:2)
1 creature vanquished.

Notes
Turn   | Place    | Note
-------+----------+-------------------------------------------
     0 | Abyss:1  | Gargoyl the Gnoll Abyssal Knight began the quest for the
                  | Orb.
     0 | Abyss:1  | Reached XP level 1. HP: 23/23 MP: 3/3
    14 | Abyss:1  | Found a corrupted altar of Lugonu.
    61 | Abyss:1  | Noticed a neqoxec
    64 | Abyss:1  | Gained mutation: Armour fits poorly on your strangely
                  | shaped body. [a neqoxec]
    67 | Abyss:1  | Gained mutation: Your spells are a little easier to cast,
                  | but a little less powerful. [a neqoxec]
    72 | Abyss:1  | Gained mutation: Your spells are easier to cast, but less
                  | powerful. [a neqoxec]
    95 | Abyss:1  | Noticed a starcursed mass
    95 | Abyss:1  | Noticed a small abomination
   137 | Abyss:2  | Noticed a quasit
   150 | Abyss:2  | Reached XP level 2. HP: 22/29 MP: 5/5
   155 | Abyss:2  | Noticed an efreet
   162 | Abyss:2  | Noticed an apocalypse crab
   163 | Abyss:2  | Noticed a small abomination
   164 | Abyss:2  | Noticed a chaos spawn
   165 | Abyss:2  | Noticed a smoke demon
   166 | Abyss:2  | Noticed an apocalypse crab
   169 | Abyss:2  | Noticed a blink frog
   173 | Abyss:2  | Noticed a blink frog
   174 | Abyss:2  | Got a twisted trident
   174 | Abyss:2  | HP: 1/29 [quasit (1)]
   175 | D:1      | Escaped the Abyss
   176 | D:1      | Identified the +8 trident "Xulimem" {vorpal, +Fly rN++ MR-
                  | Dex+3 SInv} (You found it on level 2 of the Abyss)
   177 | D:1      | Quit the game

Illustrated notes

Levels and vault maps discovered:
D:1:      lemuel_arrival_tunnels, layout_loops_ring

Action                   || total
-------------------------++-------
Melee: Hand axe          ||     3
Invok: Depart the Abyss  ||     1
  Use: Scroll            ||     2
Armor: Chain mail        ||    27
Dodge: Dodged            ||    10

Table legend: (Time is in decaauts)
 A = Elapsed time spent in this place.
 B = Non-inter-level travel time spent in this place.
 C = Inter-level travel time spent in this place.
 D = Time resting spent in this place.
 E = Time spent auto-exploring this place.
 F = Levels seen in this place.
 G = Mean time per level.
                   A        B        C        D        E       F      G
               +--------+--------+--------+--------+--------+-----+--------+
         Total |    176 |    176 |      0 |      0 |     80 |   3 |   58.7 |
       Dungeon |      1 |      1 |      0 |      0 |      0 |   1 |    1.0 |
         Abyss |    175 |    175 |      0 |      0 |     80 |   2 |   87.5 |
               +--------+--------+--------+--------+--------+-----+--------+

Top non-repeatable levels by time:
 Abyss:1: 99 daAuts
 Abyss:2: 76 daAuts
     D:1: 1 daAuts
